 Dungeon Crawl Stone Soup version 0.31-a0-240-gb923e448b6 (webtiles) character file.

Game seed: 8811400240358042193

9983 Essalna the Fighter (level 11, -7/99 HPs)
             Began as a Pale Draconian Shapeshifter on July 12, 2023.
             Was a Believer of the Shining One.
             Mangled by a two-headed ogre
             ... wielding the +10 dark maul {heavy}
              (45 damage)
             ... on level 9 of the Dungeon.
             The game lasted 00:18:35 (9105 turns).

Essalna the Fighter (Pale Draconian Shapeshifter)   Turns: 9105, Time: 00:18:36

Health: -7/99      AC: 11    Str: 18    XL:     11   Next: 30%
Magic:  0/20       EV: 16    Int:  9    God:    the Shining One [**....]
Gold:   682        SH:  0    Dex: 15    Spells: 10/10 levels left

rFire   . .          .
                       - Unarmed
rCold   . . .        (no shield)
rNeg    + . .        (body armour unavailable)
rPois   .            (helmet currently unavailable)
rElec   .            (cloak currently unavailable)
rCorr   .            (gloves currently unavailable)
SInv    .            (boots currently unavailable)
Will    .....        I - amulet of guardian spirit
Stlth   +            k - +4 ring of protection
HPRegen 0.36/turn    h - ring of magical power
MPRegen 0.17/turn

%: guardian spirit
@: short of breath, beast-form, glowing
A: beast (slay +5), breathe steam, AC +7, unfitting armour, cold-blooded, steam
resistance
a: Breathe Steam, Renounce Religion, Divine Shield


You were on level 9 of the Dungeon.
You worshipped the Shining One.
The Shining One was pleased with you.
You were a hulking beast.
You visited 1 branch of the dungeon, and saw 9 of its levels.
You also visited: Sewer.

You collected 682 gold pieces.

Inventory:

Armour
 H - a +2 cloak of preservation
Jewellery
 h - a ring of magical power (right hand)
 k - a +4 ring of protection (left hand)
 w - a ring of wizardry
 z - a ring of protection from fire
 C - a ring of see invisible
 E - a +6 ring of dexterity
 F - the ring "Kutur" {Fly rC+}
   (You took it off a gnoll sergeant on level 8 of the Dungeon)

   [ring of flight]

   rC:        It protects you from cold.
   Fly:       It grants you flight.
 G - a ring of flight
 I - an amulet of guardian spirit (around neck)
Talismans
 b - a beast talisman
Wands
 n - a wand of paralysis (5)
 p - a wand of digging (21)
 q - a wand of quicksilver (19)
 t - a wand of mindburst (21)
 y - a wand of flame (15)
 D - a wand of iceblast (5)
Scrolls
 i - a scroll of fear
 s - 3 scrolls of teleportation
 u - 3 scrolls of identify
 A - a scroll of blinking
 J - a scroll of fog
Potions
 a - a potion of lignification
 c - 9 potions of curing
 d - 2 potions of brilliance
 e - 2 potions of attraction
 f - 4 potions of resistance
 g - a potion of heal wounds {unknown}
 j - a potion of magic {unknown}
 l - 3 potions of might {unknown}
 m - a potion of haste {unknown}
 o - a potion of experience {unknown}
 r - a potion of cancellation {unknown}
 v - 2 potions of berserk rage {unknown}
 x - a potion of degeneration {unknown}
 B - 3 potions of enlightenment {unknown}


   Skills:
 + Level 10.1 Fighting
 + Level 8.5 Dodging
 + Level 9.2 Unarmed Combat
 + Level 8.1 Shapeshifting


You had 10 spell levels left.
You didn't know any spells.
Your spell library contained the following spells:

 Spells                   Type           Power      Damage    Failure   Level
 Kiss of Death            Conj/Necr      0%         2d5       38%         1
 Confusing Touch          Hex            0%         N/A       77%         3
 Vhi's Electric Charge    Tloc/Air       0%         N/A       77%         3
 Dispel Undead            Necr           0%         3d6       99%         4
 Arcjolt                  Conj/Air       0%         1d10      100%        5
 Plasma Beam              Fire/Air       0%         2x1d10    100%        6


Dungeon Overview and Level Annotations

Branches:
Dungeon (9/15)             Temple (0/1) D:6            Lair (0/5) D:9
  Sewer (visited)
    Orc: D:9-12

Altars:
Ashenzari
Cheibriados
Elyvilon
Fedhas
Gozag
Nemelex Xobeh
Okawaru
Qazlal
Sif Muna
Trog
Wu Jian
Yredelemnul
The Shining One

Shops:
D:2 =   D:8 [:=[

Annotations:
D:2 Terence


Innate Abilities, Weirdness & Mutations

You are a hulking beast.
Your limbs bulge with bestial killing power. (Slay +5)
You can breathe blasts of scalding, opaque steam.
Your pale cyan-grey scales are hard. (AC +7)
You cannot fit into any form of body armour.
You are cold-blooded and may be slowed by cold attacks.
You are immune to the effects of steam.


Message History

You hit the cyclops. You tail-slap the cyclops.
The cyclops is severely wounded.
You hit the cyclops.
The cyclops is almost dead.
The cyclops barely misses you.
You hit the cyclops.
The cyclops is almost dead.
The cyclops hits you but does no damage.
You pummel the cyclops!!
You kill the cyclops!
No target in view!
No target in view!
You see here 4 large rocks.
You now have 682 gold pieces (gained 23).
You open the large door.
There is a large open door here.
A two-headed ogre comes into view.
It is wielding the +10 dark maul {heavy} and a +0 giant club.
Found a spear.
The two-headed ogre shouts in stereo!
A two-headed ogre comes into view.
It is wielding a +0 giant spiked club and a +0 giant club.
There is a large open door here.
Aiming: Breathe Steam (1% risk of failure)
Press: ? - help, Shift-Dir - straight line, f - two-headed ogre
Aim: a two-headed ogre, wielding the +10 dark maul {heavy} and a +0 giant club (haloed, 91% to hit)
You exhale a blast of scalding steam.
The two-headed ogre is engulfed in a cloud of scalding steam.
You punch the two-headed ogre!
The two-headed ogre is heavily wounded.
The two-headed ogre is engulfed in a cloud of scalding steam.
The two-headed ogre hits you with the +10 dark maul {heavy}!!!
Ouch! That really hurt!
The two-headed ogre hits you with a +0 giant club!
You hear two shouts! x2
You hit the two-headed ogre.
The two-headed ogre is heavily wounded.
You hit the two-headed ogre. You tail-slap the two-headed ogre.
The two-headed ogre is severely wounded.
The two-headed ogre is engulfed in a cloud of scalding steam.
The two-headed ogre hits you with the +10 dark maul {heavy}!!!
You die...

.......### ##.# ####'#
#####>...#########..# #.....
#.##........##.#########.....
#.#########............+.....
#.# ####...#######.)... #.#
#.#.#### ##'###
##.##############....# #.##
####.....#.§§§§§...'.##.#
#..#
.........#...§§Oh..'.##.#
##'##
.###.....#''########.##.#
#.... ..≈...#.##........
#..#.# #....
#...#..###O.......
##...#####.... #..P##.#
#.####### #.......'....
.PP.P..# #.. #.#######....
.P>PP.≈# #... #..# #....
.P..P..# #.... #### #....
#P..##.# #...#O #....


You could see a two-headed ogre.

Vanquished Creatures
  A centaur warrior (D:8)
  Pikel (D:6)
  A deep elf pyromancer (D:8)
  An ugly thing (D:9)
  A cyclops (D:9)
  A manticore (D:8)
  Joseph (D:7)
  A troll (D:8)
  2 hornets
  A wraith (D:8)
  A slime creature (D:8)
  A vampire (D:8)
  A yak (D:8)
  A wyvern (D:6)
  2 vampire mosquitoes (D:8)
  Eustachio (D:6)
  A steam dragon (D:8)
  Menkaure (D:7)
  Edmund (D:4)
  An acid dragon (D:8)
  2 water moccasins
  3 ice beasts
  3 orc warriors
  A sky beast (D:7)
  A black bear (D:6)
  4 ogres
  6 centaurs
  4 lemures (D:6)
  6 bullfrogs
  2 kobold brigands (Sewer)
  A gnoll sergeant (D:8)
  3 scorpions
  18 wights
  4 killer bees (D:9)
  A howler monkey (D:8)
  3 hounds
  2 gnoll boudas
  4 jellies
  8 orc priests
  A sleepcap (D:5)
  Ijyb (D:3)
  Natasha (thrice) (D:4)
  An iguana (D:5)
  4 orc wizards
  12 gnolls
  11 adders
  A river rat (D:3)
  A shadow imp (D:7)
  A white imp (D:5)
  An ufetubus (D:6)
  A worm (D:5)
  A dart slug (D:2)
  20 orcs
  10 bats
  6 endoplasms
  5 giant cockroaches
  27 goblins
  3 hobgoblins
  14 jackals
  7 quokkas
  14 ball pythons
  5 frilled lizards
  28 kobolds
  7 rats
283 creatures vanquished.

Notes
Turn   | Place    | Note
-------+----------+-------------------------------------------
     0 | D:1      | Essalna the Draconian Shapeshifter began the quest for the
                  | Orb.
     0 | D:1      | Reached XP level 1. HP: 17/17 MP: 1/1
   143 | D:1      | Reached XP level 2. HP: 25/25 MP: 2/2
   272 | D:1      | Found a faded altar of an unknown god.
   742 | D:2      | Found Sesul's Jewellery Boutique.
   749 | D:2      | Reached XP level 3. HP: 20/30 MP: 3/3
   956 | D:2      | Reached skill level 3 in Fighting
   964 | D:2      | Reached XP level 4. HP: 27/38 MP: 4/4
  1520 | D:3      | Noticed Terence
  1558 | D:3      | Found a glowing drain.
  1701 | Sewer    | Entered a sewer
  1747 | Sewer    | Reached XP level 5. HP: 41/45 MP: 5/5
  1913 | Sewer    | Reached XP level 6. HP: 43/52 MP: 6/6
  2001 | Sewer    | Reached skill level 4 in Fighting
  2272 | D:3      | Noticed Ijyb
  2285 | D:3      | Killed Ijyb
  2994 | D:4      | Noticed Edmund
  3354 | D:4      | Killed Edmund
  3355 | D:4      | Your scales start taking on a pale cyan-grey colour.
  3355 | D:4      | Reached XP level 7. HP: 23/60 MP: 7/7
  3355 | D:4      | Gained mutation: You are immune to the effects of steam.
                  | [Pale Draconian growth]
  3555 | D:4      | Noticed Natasha
  3558 | D:4      | Killed Natasha
  3560 | D:4      | Found a basalt altar of Yredelemnul.
  3649 | D:4      | Noticed Natasha
  3655 | D:4      | Killed Natasha
  3931 | D:4      | Noticed Natasha
  3940 | D:4      | Killed Natasha
  3975 | D:5      | Entered Level 5 of the Dungeon
  3980 | D:5      | Reached skill level 5 in Fighting
  4468 | D:5      | Reached XP level 8. HP: 62/69 MP: 8/8
  4509 | D:5      | Found a blossoming altar of Fedhas.
  4542 | D:5      | Reached skill level 5 in Unarmed Combat
  4612 | D:5      | Reached skill level 5 in Shapeshifting
  4621 | D:5      | Found a glowing golden altar of the Shining One.
  4628 | D:5      | Became a worshipper of the Shining One
  4728 | D:5      | Reached skill level 6 in Fighting
  4978 | D:5      | Reached skill level 5 in Dodging
  5081 | D:6      | Found a staircase to the Ecumenical Temple.
  5185 | D:6      | Noticed Eustachio
  5191 | D:6      | Killed Eustachio
  5305 | D:6      | Noticed Pikel
  5317 | D:6      | Reached XP level 9. HP: 70/78 MP: 9/9
  5530 | D:6      | Killed Pikel
  5531 | D:6      | Reached skill level 7 in Fighting
  6058 | D:7      | Reached * piety under the Shining One
  6172 | D:7      | Noticed Joseph
  6178 | D:7      | Killed Joseph
  6179 | D:7      | Reached skill level 8 in Fighting
  6222 | D:7      | Found an ornate altar of the Wu Jian Council.
  6531 | D:7      | Reached XP level 10. HP: 88/88 MP: 10/10
  6537 | D:7      | Found a snail-covered altar of Cheibriados.
  6593 | D:7      | Found a sparkling altar of Nemelex Xobeh.
  6686 | D:7      | Noticed Menkaure
  6692 | D:7      | Killed Menkaure
  6849 | D:8      | Noticed a centaur warrior
  6857 | D:8      | Killed a centaur warrior
  6974 | D:8      | Identified the ring "Kutur" {Fly rC+}
  7005 | D:8      | Reached skill level 9 in Fighting
  7051 | D:8      | Noticed a deep elf pyromancer
  7055 | D:8      | Killed a deep elf pyromancer
  7082 | D:8      | Noticed a manticore
  7091 | D:8      | Killed a manticore
  7355 | D:8      | Found a broken altar of Ashenzari.
  7461 | D:8      | Reached ** piety under the Shining One
  7575 | D:8      | Reached XP level 11. HP: 81/99 MP: 11/11
  7842 | D:8      | Found a stormy altar of Qazlal.
  7842 | D:8      | Found a shimmering blue altar of Sif Muna.
  7848 | D:8      | Found an iron altar of Okawaru.
  7848 | D:8      | Found an opulent altar of Gozag.
  7983 | D:8      | Found a white marble altar of Elyvilon.
  8114 | D:8      | Found Haimeby's Jewellery Emporium.
  8114 | D:8      | Found Hovul's Antique Armour Emporium.
  8115 | D:8      | Found Ynur's Antique Armour Emporium.
  8115 | D:8      | Found Fauvutid's Book Emporium.
  8130 | D:8      | Found a bloodstained altar of Trog.
  8699 | D:9      | Noticed a red ugly thing
  8708 | D:9      | Killed a red ugly thing
  8709 | D:9      | Reached skill level 10 in Fighting
  9026 | D:9      | Found a staircase to the Lair.
  9091 | D:9      | Noticed a two-headed ogre
  9091 | D:9      | Noticed a two-headed ogre
  9105 | D:9      | Mangled by a two-headed ogre

Illustrated notes

Levels and vault maps discovered:
D:1:      giann_horns, layout_loops_ring, hellmonk_ecumenical_altar_dog_temple,
          minmay_misc_feat_enclosed
D:2:      layout_rooms, serial_shops, shop
D:3:      kennysheep_goblin_castle, layout_basic, portal_sewer_entry_c,
          kennysheep_generic_room_13, uniq_terence
D:4:      layout_basic, yredelemnul_altar_generic, uniq_natasha, uniq_edmund
D:5:      layout_basic, fedhas_altar_2, mainiacjoe_overflow_24_doors
D:6:      layout_basic, minmay_temple_entry_large_hall, minmay_ogre_servants,
          uniq_pikel, uniq_eustachio
D:7:      layout_cave_pods, cheibriados_altar_1, nicolae_wu_jian_wuxing_cycle,
          nemelex_dance_club_becter, uniq_joseph, uniq_menkaure
D:8:      minmay_the_grid_octo_2x2 [minmay_the_grid_octo_77,
          minmay_the_grid_octo_shrine, minmay_the_grid_octo_clover_2,
          minmay_the_grid_octo_prize_ultimate_mussel_roller], layout_gridville,
          nicolae_ashenzari_skybound, elyvilon_altar_3,
          trog_three_pillars_becter, nicolae_concentric_dashed_squares_wild,
          minmay_shop_grid_forest, kennysheep_generic_room_7
D:9:      layout_roguey, dpeg_oklobed_lair, hellmonk_guarded_unrand_dark_maul

Skill      XL: |  1  2  3  4  5  6  7  8  9 10 11 |
---------------+----------------------------------+-----
Dodging        | 2 3 4 5 6 8 |  8.5
Fighting       | 3 4 5 6 8 9 10 | 10.1
Unarmed Combat | 3 4 6 7 8 9 |  9.2
Shapeshifting  | 4 5 6 7 8 |  8.1

Action                     |  1- 3 |  4- 6 |  7- 9 | 10-12 || total
---------------------------+-------+-------+-------+-------++-------
  Melee: Unarmed           |    77 |   241 |   167 |   172 ||   657
         Tailslap          |    13 |    33 |    39 |    41 ||   126
         Punch             |     2 |     8 |     8 |    13 ||    31
Ability: Breathe Steam     |       |       |    21 |    12 ||    33
    Use: Scroll            |       |    13 |     1 |     1 ||    15
         Potion            |       |       |       |     1 ||     1
   Stab: Distracted        |       |     1 |       |       ||     1
 Armour: Skin              |    23 |   117 |    49 |    44 ||   233
  Dodge: Dodged            |    51 |   151 |   127 |   141 ||   470
         Form:             |       |       |     1 |       ||     1
         Beast             |       |       |     1 |       ||     1

Table legend: (Time is in decaauts)
 A = Elapsed time spent in this place.
 B = Non-inter-level travel time spent in this place.
 C = Inter-level travel time spent in this place.
 D = Time resting spent in this place.
 E = Time spent auto-exploring this place.
 F = Levels seen in this place.
 G = Mean time per level.
                   A        B        C        D        E       F      G
               +--------+--------+--------+--------+--------+-----+--------+
         Total |   9097 |   8629 |    468 |      0 |   7011 |  10 |  909.7 |
       Dungeon |   8724 |   8256 |    468 |      0 |   6774 |   9 |  969.3 |
         Sewer |    373 |    373 |      0 |      0 |    237 |   1 |  373.0 |
               +--------+--------+--------+--------+--------+-----+--------+

Top non-repeatable levels by time:
     D:8: 1632 daAuts
     D:3: 1101 daAuts
     D:5: 1057 daAuts
     D:4: 997 daAuts
     D:6: 881 daAuts
     D:7: 833 daAuts
     D:2: 781 daAuts
     D:1: 740 daAuts
     D:9: 698 daAuts
   Sewer: 373 daAuts
